 Dungeon Crawl Stone Soup version 0.31.0-32-g396128a36d (webtiles) character file.

Game seed: 3116458737588038252

135 PhantomBowie the Trooper (level 5, 0/33 HPs)
             Began as a Gargoyle Fighter on Apr 24, 2024.
             Slain by Terence
             ... wielding a +4 mace of distortion
              (3 damage)
             ... on level 3 of the Dungeon.
             The game lasted 00:04:19 (1853 turns).

PhantomBowie the Trooper (Gargoyle Fighter)         Turns: 1853, Time: 00:04:20

Health: 0/33       AC: 11    Str: 21    XL:     5   Next: 18%
Magic:  6/14       EV:  9    Int:  9    God:
Gold:   49         SH:  4    Dex:  9    Spells: 4/4 levels left

rFire   . . .        a - +0 flail
rCold   . . .        c - +0 buckler
rNeg    + . .        b - +0 scale mail
rPois   ∞            (no helmet)
rElec   +            (no cloak)
rCorr   .            (no gloves)
SInv    .            (no boots)
Will    .....        (no amulet) Stlth
                     m - ring of magical power
HPRegen 0.25/turn    (no ring)
MPRegen 0.14/turn

%: no passive effects
@: no status effects
A: sickness immunity, AC +4, negative energy resistance 1, electricity
resistance, torment resistance 1, petrification resistance
a: no special abilities


You were on level 3 of the Dungeon.
You visited 1 branch of the dungeon, and saw 3 of its levels.

You collected 49 gold pieces.

Inventory:

Hand Weapons
 a - a +0 flail (weapon)
Armour
 b - a +0 scale mail (worn)
 c - a +0 buckler (worn)
Jewellery
 m - a ring of magical power (left hand)
Scrolls
 f - a scroll of silence {unknown}
 g - 2 scrolls of fog {unknown}
 h - a scroll of revelation {unknown}
 j - a scroll of noise {unknown}
 l - a scroll of brand weapon {unknown}
 n - a scroll of enchant armour {unknown}
 o - a scroll of vulnerability {unknown}
Potions
 d - 3 potions of might
 e - 2 potions of enlightenment {unknown}
 i - 2 potions of heal wounds {unknown}
 k - a potion of curing {unknown}


   Skills:
 + Level 4.2 Fighting
 + Level 3.1 Maces & Flails
 + Level 4.2 Armour
 + Level 4.2 Shields


You had 4 spell levels left.
You didn't know any spells.
Your spell library contained the following spells:

 Spells                   Type           Power      Damage    Failure   Level
 Slow                     Hex            0%         N/A       78%         1
 Confusing Touch          Hex            0%         N/A       98%         3
 Sigil of Binding         Hex            0%         N/A       98%         3
 Vampiric Draining        Necr           0%         2d6       98%         3
 Animate Armour           Summ/Erth      0%         N/A       100%        4
 Ignite Poison            Fire/Alch      0%         N/A       100%        4
 Summon Lightning Spire   Summ/Air       0%         N/A       100%        4
 Freezing Cloud           Conj/Ice/Air   0%         6-21      100%        5
 Lee's Rapid Deconstruct  Erth           0%         3d4*      100%        5
 Cigotuvi's Dreadful Rot  Necr/Alch/Air  Unusable   N/A       N/A         2

Dungeon Overview and Level Annotations

Branches:
Dungeon (3/15)

Altars:

Annotations:
D:3 Terence


Innate Abilities, Weirdness & Mutations

You are immune to sickness and miasma.
Your stone body is resilient. (AC +4)
You are immune to poison.
You resist negative energy. (rN+)
You are resistant to electric shocks. (rElec)
You are resistant to unholy torment.
You are immune to petrification.


Message History

Found a stone staircase leading up.
The bat barely misses you.
You hit the bat.
The bat is heavily wounded.
The bat closely misses you. The bat hits you but does no damage.
You see here a scroll labelled XIODU TIHAVO.
o - a scroll labelled XIODU TIHAVO The bat hits you but does no damage.
You closely miss the bat.
The bat is heavily wounded.
The bat hits you but does no damage.
You sock the bat!
You kill the bat!
No target in view!
Terence the Incautious comes into view.
He is wielding a +4 mace of distortion.
Terence shouts!
Terence moves out of view.
Level annotation: Terence Welcome back, PhantomBowie the Gargoyle Fighter.
Press ? for a list of commands and other information.
You feel your magic capacity increase.
m - a ring of magical power (left hand) Terence is nearby!
You barely miss Terence. Terence barely misses you. You block Terence's attack.
You thump Terence!
Terence is moderately wounded.
Terence hits you but does no damage. Space warps around you.
You barely miss Terence.
Terence is moderately wounded.
Terence hits you with a +4 mace of distortion.
You hit Terence but do no damage.
Terence is moderately wounded.
Terence hits you with a +4 mace of distortion!
Space warps horribly around you!!
Ouch! That really hurt!
* * * LOW HITPOINT WARNING * * *
Terence hits you with a +4 mace of distortion.
You die...
Terence says, "Rest in peace."

######## #......# ######
#.<....#####....##
##.............♣..#
........†.....♣♣..#
..................#
.......@<.....†#..#
......#@.#.......## ##
.........#....##.# ####.
.......###.##.##'###..+.
######. ...##.#...##.##.
#.#### #.#......##. ##
#.#.....#.'. ####..#.#.
#....#.


You could see Terence.

Vanquished Creatures
  A bombardier beetle (D:3)
  Jessica (D:3)
  An orc wizard (D:3)
  A dart slug (D:2)
  A ribbon worm (D:2)
  2 orcs (D:3)
  6 endoplasms
  3 goblins
  9 hobgoblins
  2 quokkas (D:2)
  4 ball pythons
  8 bats
  3 frilled lizards (D:2)
  A kobold (D:3)
  4 rats
47 creatures vanquished.

Notes
Turn   | Place    | Note
-------+----------+-------------------------------------------
     0 | D:1      | PhantomBowie the Gargoyle Fighter began the quest for the
                  | Orb.
     0 | D:1      | Reached XP level 1. HP: 14/14 MP: 1/1
   463 | D:1      | Reached XP level 2. HP: 16/19 MP: 2/2
   524 | D:1      | Found a faded altar of an unknown god.
  1098 | D:2      | Reached XP level 3. HP: 14/23 MP: 3/3
  1539 | D:3      | Reached XP level 4. HP: 29/29 MP: 4/4
  1541 | D:3      | Noticed Jessica
  1545 | D:3      | Killed Jessica
  1576 | D:3      | Identified the +1 leather armour "Eleez" {-Tele Harm Str-5
                  | Int+9}
  1697 | D:3      | Reached XP level 5. HP: 24/33 MP: 5/5
  1845 | D:3      | Noticed Terence
  1853 | D:3      | Slain by Terence

Illustrated notes

Levels and vault maps discovered:
D:1:      scummos_arrival_forest, layout_loops_corners,
          shapermc_ecumenical_altar_totnotflames, amethyst_killhole
D:2:      layout_basic, minmay_pentomino_x2
D:3:      layout_basic, mainiacjoe_overflow_concentric_impassable,
          chequers_mini_garden, kennysheep_generic_room_9, uniq_terence,
          uniq_crazy_yiuf_cottage, uniq_jessica

Skill      XL: |  1  2  3  4 |
---------------+-------------+-----
Fighting       | 4 |  4.2
Armour         | 4 |  4.2
Shields        | 4 |  4.2
Maces & Flails | 3 |  3.1

Action                     |  1- 3 |  4- 6 || total
---------------------------+-------+-------++-------
  Melee: Flail             |   100 |    71 ||   171
 Armour: Scale mail        |    51 |    62 ||   113
  Dodge: Dodged            |    54 |    29 ||    83
  Block: Buckler           |    18 |    15 ||    33
